 Dungeon Crawl Stone Soup version 0.27.0-1-g7a089689b8 (webtiles) character file.

Game seed: 6583387908879235503

260 mainiacjoe the Sneak (level 5, 0/24 HPs)
             Began as a Spriggan Venom Mage on Aug 7, 2021.
             Slain by a vampire bat (1 damage)
             ... on level 3 of the Dungeon.
             The game lasted 00:10:23 (5186 turns).

mainiacjoe the Sneak (Spriggan Venom Mage)          Turns: 5186, Time: 00:10:23

Health: 0/24       AC:  2    Str:  4    XL:     5   Next: 95%
Magic:  9/10       EV: 17    Int: 18    God:
Gold:   44         SH:  0    Dex: 15    Spells: 3/9 levels left

rFire    + . .     SeeInvis +   a - +1 short sword
rCold    . . .     Faith    .   (shield restricted)
rNeg     . . .     Spirit   .   h - +0 robe
rPois    .         Reflect  .   (helmet restricted)
rElec    .         Harm     .   (no cloak)
rCorr    .         Rampage  .   (gloves unavailable)
Will     .....                  (boots unavailable)
Stlth    ++++......             (no amulet)
HPRegen  0.08/turn              n - ring of protection from fire
MPRegen  0.12/turn              (no ring)

@: very quick
A: very small, no large weapons, unfitting armour, see invisible, speed 3
a: no special abilities


You were on level 3 of the Dungeon.
You visited 1 branch of the dungeon, and saw 3 of its levels.

You collected 44 gold pieces.

Inventory:

Hand Weapons
 a - a +1 short sword (weapon)
 b - a +0 hunting sling
 e - a +0 dagger
Missiles
 g - 21 stones
 o - 23 arrows
 p - 3 boomerangs
 q - 9 poisoned darts (quivered)
Armour
 h - a +0 robe (worn)
Jewellery
 n - a ring of protection from fire (left hand)
Scrolls
 f - a scroll of fog
 i - a scroll of enchant armour
 m - a scroll of magic mapping {unknown}
Potions
 c - 2 potions of brilliance


   Skills:
 - Level 2.6 Dodging
 + Level 7.9 Stealth
 - Level 2.6 Spellcasting
 - Level 1.3 Transmutations
 + Level 2.0 Air Magic
 - Level 4.0 Poison Magic


You had 3 spell levels left.
You knew the following spells:

 Your Spells              Type           Power      Damage    Failure   Level
a - Sting                 Tmut/Pois      48%        1d5       5%          1
b - Poisonous Vapours     Pois/Air       26%        N/A       8%          2
c - Mephitic Cloud        Conj/Pois/Air  9%         N/A       22%         3

Your spell library contained the following spells:

 Spells                   Type           Power      Damage    Failure   Level
 Apportation              Tloc           4%         N/A       17%         1
 Olgreb's Toxic Radiance  Pois           16%        N/A       32%         4
 Alistair's Intoxication  Tmut/Pois      8%         N/A       83%         5
 Conjure Ball Lightning   Conj/Air       3%         3x3d6     100%        6
 Invisibility             Hex            1%         N/A       100%        6
 Discord                  Hex            1%         N/A       100%        8
 Disjunction              Tloc           1%         N/A       100%        8


Dungeon Overview and Level Annotations

Branches:
Dungeon (3/15)

Altars:

Annotations:
D:3 exclusion: zombie


Innate Abilities, Weirdness & Mutations

You are very small and have problems with some larger weapons.
You are too small for most types of armour.
You have supernaturally acute eyesight. (SInv)
You cover ground extremely quickly. (Speed+++)


Message History

The vampire bat bites you.
* * * LOW HITPOINT WARNING * * *
The vampire bat draws strength from your injuries!
Unknown command.
As you read the scroll labelled XATADGHO CODUHI, it crumbles to dust.
It is a scroll of enchant weapon.
Your +0 short sword glows red for a moment.
The vampire bat completely misses you.
The vampire bat bites you but does no damage.
The vampire bat closely misses you.
As you read the scroll labelled BEBROT HUPEGI, it crumbles to dust.
Wisps of shadow whirl around you...
It was a scroll of summoning.
The vampire bat barely misses your hobgoblin.
The vampire bat misses you.
The vampire bat closely misses your hobgoblin.
The vampire bat misses you. The vampire bat bites your hobgoblin.
The vampire bat bites your giant cockroach.
You swap places.
The vampire bat closely misses you.
The vampire bat barely misses your hobgoblin.
The vampire bat closely misses you.
You see here a +0 club.
The vampire bat bites you.
* * * LOW HITPOINT WARNING * * *
The vampire bat draws strength from your injuries!
Your hobgoblin closely misses the vampire bat.
The vampire bat bites you but does no damage.
The vampire bat completely misses you. The vampire bat barely misses you.
The vampire bat closely misses you. The vampire bat misses you.
The vampire bat misses you.
Okay, then.
As you read the scroll labelled TUSHRO SIRE, it crumbles to dust.
It is a scroll of amnesia.
Forget Sting, freeing 1 spell level for a total of 4?
Really abort (and waste the scroll)? [Y]es or [N]o only, please.
Really abort (and waste the scroll)?
Okay, then.
The vampire bat bites you.
You die...

...###### #.##....#.# #.... ...#
#.##....#.######### ...#
#.##....#..........
...############.##....##.....##..
..>.............................#
................<................
..#############.##...###........#
.###.....######.##..B###........#
...'.....+......@bb...gb.#...)..#
####.....######.########)#......#
................# #.g...#.#.#
################# #.b...#...#
######.<..#.# ##b..####.....
##b....######.) #......b# #..
#$....# #.#


You could see 3 vampire bats, a friendly giant cockroach (summoned) and a
friendly hobgoblin (summoned).

Vanquished Creatures
  A sky beast (D:3)
  A hound skeleton (D:3)
  Robin (D:3)
  4 gnolls (D:3)
  4 adders
  A worm (D:3)
  An orc (D:3)
  3 ball pythons
  5 endoplasms
  A giant cockroach (D:1)
  9 goblins
  11 hobgoblins
  5 jackals
  2 quokkas
  3 bats
  3 frilled lizards (D:1)
  5 kobolds
  8 rats
68 creatures vanquished.

Notes
Turn   | Place    | Note
-------+----------+-------------------------------------------
     0 | D:1      | mainiacjoe the Spriggan Venom Mage began the quest for the
                  | Orb.
     0 | D:1      | Reached XP level 1. HP: 9/9 MP: 5/5
   217 | D:1      | Reached skill level 4 in Stealth
   374 | D:1      | Reached XP level 2. HP: 13/13 MP: 4/6
   411 | D:1      | Learned a level 2 spell: Poisonous Vapours
  1003 | D:1      | Reached skill level 5 in Stealth
  1261 | D:1      | Reached XP level 3. HP: 12/16 MP: 8/8
  1265 | D:1      | Learned a level 3 spell: Mephitic Cloud
  1357 | D:1      | Reached skill level 1 in Air Magic
  3423 | D:3      | Reached XP level 4. HP: 15/21 MP: 1/9
  3656 | D:3      | Reached skill level 6 in Stealth
  4238 | D:3      | Noticed Robin
  4270 | D:3      | Killed Robin
  4478 | D:3      | Noticed a sky beast
  4482 | D:3      | Reached XP level 5. HP: 23/24 MP: 4/10
  4771 | D:3      | Killed a sky beast
  4772 | D:3      | Reached skill level 7 in Stealth
  5178 | D:3      | HP: 1/24 [vampire bat (2)]
  5186 | D:3      | Slain by a vampire bat

Illustrated notes

Levels and vault maps discovered:
D:1:      amcnicky_arrival_single_pillar, layout_loops_corners
D:2:      layout_basic
D:3:      layout_basic, kennysheep_ying_yang, mainiacjoe_overflow_alcove_1,
          roderic_batcave, uniq_robin

Skill      XL: |  1  2  3  4  5 |
---------------+----------------+-----
Stealth        | 4 5 6 7 |  7.9
Air Magic      | 1 2 |  2.0
Poison Magic   | 4 |  4.0
Dodging        | |  2.6
Spellcasting   | |  2.6
Transmutations | |  1.3

Action                   |  1- 3 |  4- 6 || total
-------------------------+-------+-------++-------
Melee: Short sword       |    28 |    50 ||    78
       Dagger            |     1 |       ||     1
       Unarmed           |     1 |       ||     1
 Fire: Hunting sling     |    16 |    30 ||    46
Throw: Dart              |    45 |    28 ||    73
       Stone             |       |     1 ||     1
 Cast: Sting             |    32 |    13 ||    45
       Poisonous Vapours |    21 |    33 ||    54
  Use: Scroll            |       |     6 ||     6
 Stab: Sleeping          |     1 |       ||     1
Armor: Robe              |     3 |    17 ||    20
Dodge: Dodged            |    34 |    86 ||   120
